 Dungeon Crawl Stone Soup version 0.28-a0-1347-g113dc556a4 (webtiles) character file.

Game seed: 288834468457618163

82 Goblin1989 the Sneak (level 4, 0/35 HPs)
             Began as a Demonspawn Delver on Dec 30, 2021.
             Slain by a centaur skeleton (1 damage)
             ... on level 5 of the Dungeon.
             The game lasted 00:01:31 (49 turns).

Goblin1989 the Sneak (Demonspawn Delver)              Turns: 49, Time: 00:01:32

Health: 0/35       AC:  3    Str: 14    XL:     4   Next: 21%
Magic:  4/4        EV: 11    Int: 11    God:
Gold:   0          SH:  4    Dex: 15    Spells: 3/3 levels left

rFire   . . .      SeeInvis .   a - +0 short sword
rCold   . . .      Faith    .   (no shield)
rNeg    . . .      Spirit   .   b - +0 leather armour
rPois   .          Reflect  .   (no helmet)
rElec   .          Harm     .   (no cloak)
rCorr   .          Rampage  .   (no gloves)
Will    .....                   (no boots)
Stlth   +++.......              (no amulet)
HPRegen 0.11/turn               (no ring)
MPRegen 0.09/turn               (no ring)

@: no status effects
A: condensation shield, weakness stinger 1
a: no special abilities


You were on level 5 of the Dungeon.
You visited 1 branch of the dungeon, and saw 1 of its levels.

Inventory:

Hand Weapons
 a - a +0 short sword (weapon)
Armour
 b - a +0 leather armour (worn)
Wands
 g - a wand of digging (3) {@v3}
 i - a wand of polymorph (8)
 j - a wand of iceblast (2) {@v5}
Scrolls
 c - a scroll of fog
 d - a scroll of magic mapping
 e - a scroll of fear
Potions
 f - a potion of haste {@q3,}
 h - a potion of berserk rage {unknown}


   Skills:
 - Level 3.0 Fighting
 * Level 3.5 Short Blades
 - Level 1.7 Dodging
 + Level 5.1 Stealth


You had 3 spell levels left.
You didn't know any spells.
Your spell library was empty.

Dungeon Overview and Level Annotations

Branches:
Dungeon (5/15)
 Temple: D:4-7

Altars:


Innate Abilities, Weirdness & Mutations

A meltable shield of frost defends you. (SH +4)
You have a small tail.


Message History

Your Short Blades skill increases to level 2!
You have reached level 2!
You feel monstrous as your demonic heritage exerts itself.
Your demonic ancestry asserts itself...
You grow a small tail.
MP restored: 2
Aiming: Iceblast
Press: ? - help, Shift-Dir - straight line The mass of ice explodes!
The iceblast engulfs the scorpion!
You kill the scorpion!
The jackal barks!
You feel sick.
A jackal comes into view.
Your Short Blades skill increases to level 3!
Your Stealth skill increases to level 5!
You have reached level 3!
Your experience leads to an increase in your attributes!
Increase (s)trength, (i)ntelligence, or (d)exterity?
You feel stronger. x2; Your demonic ancestry asserts itself...
Frost condenses into a shield before you.
You have reached level 4!
You feel agile.
You regained 4 hp, and now have 14/35 hp.
MP restored: 4 Unknown command.
You feel sick.
Things that are here:
a scorpion corpse; an adder corpse You take 1 damage, and have 13/35 hp.
You feel sick.
You take 1 damage, and have 12/35 hp.
You feel sick.
You take 1 damage, and have 11/35 hp.
You feel sick.
You take 1 damage, and have 10/35 hp.
You barely miss the jackal. You tail-slap the jackal.
You kill the jackal!
You feel sick.
You are no longer poisoned.
An adder comes into view.
Unknown command.
You see here a +0 whip.
The adder hisses angrily.
You hit the jackal.
You kill the jackal!
A centaur skeleton comes into view.
Unknown command.
Aiming: Iceblast
Press: ? - help, Shift-Dir - straight line The mass of ice explodes!
The iceblast engulfs the adder!
You kill the adder!
The iceblast engulfs the jackal!
You kill the jackal!
You hear a bark!
You hear a shout!
A jackal comes into view.
A jelly comes into view.
The jackal barely misses you. The jackal closely misses you.
You barely miss the jackal.
Your tail-slap misses the jackal.
The jackal bites you but does no damage.
You hit the jackal.
The jackal is moderately wounded.
The jackal closely misses you.
You hit the jackal.
You kill the jackal!
You hit the centaur skeleton.
The centaur skeleton is lightly damaged.
You block the centaur skeleton's attack.
The centaur skeleton kicks you but does no damage.
You hit the centaur skeleton but do no damage.
The centaur skeleton is lightly damaged.
The centaur skeleton hits you.
* * * LOW HITPOINT WARNING * * *
You block the centaur skeleton's attack.
You take 2 damage, and have 9/35 hp.
You hit the centaur skeleton. You tail-slap the centaur skeleton.
The centaur skeleton is moderately damaged.
The centaur skeleton hits you.
* * * LOW HITPOINT WARNING * * *
The centaur skeleton misses you.
You take 2 damage, and have 7/35 hp.
You hit the centaur skeleton.
The centaur skeleton is heavily damaged.
The centaur skeleton hits you.
* * * LOW HITPOINT WARNING * * *
The centaur skeleton kicks you.
* * * LOW HITPOINT WARNING * * *
The centaur skeleton barely misses you. The centaur skeleton kicks you.
* * * LOW HITPOINT WARNING * * *
You take 6 damage, and have 1/35 hp.
You hit the centaur skeleton.
The centaur skeleton is severely damaged.
The centaur skeleton misses you.
The centaur skeleton kicks you but does no damage.
The centaur skeleton misses you. x2
You hit the centaur skeleton.
The centaur skeleton is severely damaged.
The centaur skeleton hits you but does no damage.
The centaur skeleton kicks you.
You die... ████

█.( >...
███████████h██..
███......█....██.█
...........█ █.█
█.........†█ ███.█
█..........█ █..@██
█........h.██..██Z█
█.......†..██.██..█
█.........†█..██.██
█........>..███†█
██..........)....█
█...............████
█...........███....█
█.............███....█


You could see a centaur skeleton.

Vanquished Creatures
  A scorpion (D:5)
  2 adders (D:5)
  4 jackals (D:5)
7 creatures vanquished.

Notes
Turn   | Place    | Note
-------+----------+-------------------------------------------
     0 | D:5      | Goblin1989 the Demonspawn Delver began the quest for the
                  | Orb.
     0 | D:5      | Reached XP level 1. HP: 18/18 MP: 1/1
     6 | D:5      | Noticed a scorpion
    19 | D:5      | Discovered your monstrous ancestry.
    19 | D:5      | Gained mutation: You have a small tail. [demonic ancestry]
    19 | D:5      | Reached XP level 2. HP: 10/24 MP: 2/2
    19 | D:5      | Killed a scorpion
    20 | D:5      | Reached skill level 5 in Stealth
    20 | D:5      | Gained mutation: A meltable shield of frost defends you.
                  | (SH +4) [demonic ancestry]
    20 | D:5      | Reached XP level 3. HP: 11/29 MP: 3/3
    20 | D:5      | Reached XP level 4. HP: 14/35 MP: 4/4
    44 | D:5      | HP: 1/35 [centaur skeleton (1)]
    49 | D:5      | Slain by a centaur skeleton

Illustrated notes

Levels and vault maps discovered:
D:5:      old_forge, layout_rooms, chequers_temple_overflow_statue_of_worship,
          minivault_19, kennysheep_generic_room_3

Skill      XL: |  1  2 |
---------------+-------+-----
Short Blades   | 2 3 |  3.5
Stealth        | 5 |  5.1
Fighting       | |  3.0
Dodging        | |  1.7

Action                   |  1- 3 |  4- 6 || total
-------------------------+-------+-------++-------
Melee: Short sword       |       |    11 ||    11
       Tailslap          |       |     2 ||     2
Evoke: Wand              |     2 |     1 ||     3
Armor: Leather armour    |       |     4 ||     4
Dodge: Dodged            |     1 |     8 ||     9
Block: Other             |       |     2 ||     2

Table legend: (Time is in decaauts)
 A = Elapsed time spent in this place.
 B = Non-inter-level travel time spent in this place.
 C = Inter-level travel time spent in this place.
 D = Time resting spent in this place.
 E = Time spent auto-exploring this place.
 F = Levels seen in this place.
 G = Mean time per level.
                   A        B        C        D        E       F      G
               +--------+--------+--------+--------+--------+-----+--------+
         Total |     48 |     48 |      0 |      0 |      0 |   1 |   48.0 |
       Dungeon |     48 |     48 |      0 |      0 |      0 |   1 |   48.0 |
               +--------+--------+--------+--------+--------+-----+--------+

Top non-repeatable levels by time:
     D:5: 48 daAuts
